 Dungeon Crawl Stone Soup version 0.17-a0-1572-g7a1422d (webtiles) character file.

176 Chiseanne the Magician (level 5, 0/35 HPs)
             Began as a Demonspawn Wizard on July 26, 2015.
             Slain by a worm (9 damage)
             ... on level 3 of the Dungeon.
             The game lasted 00:09:12 (4358 turns).

Chiseanne the Magician (Demonspawn Wizard)          Turns: 4358, Time: 00:09:12

Health: 0/35       AC:  8    Str:  8    XL:     5   Next: 30%
Magic:  20/20      EV: 11    Int: 20    God:
Gold:   138        SH:  4    Dex: 10    Spells: 3 memorised, 7 levels left

rFire  . . .     SeeInvis .     a - +0 falchion
rCold  . . .     Clarity  .     l - +0 robe
rNeg   . . .     SustAt   .     e - +0 buckler
rPois  .         Gourm    .     b - +0 hat
rElec  .         Spirit   .     f - +0 cloak
rCorr  .         Warding  .     (no gloves)
rMut   .         Stasis   .     w - +0 pair of boots
MR     .....                    g - amulet of faith
Stlth  ++........               (no ring)
                                q - ring of magical power

@: not resistant to hostile enchantments, unstealthy
A: hooves 1, rough black scales 1
a: no special abilities


You were on level 3 of the Dungeon.
You were not hungry.

You visited 1 branch of the dungeon, and saw 3 of its levels.

You collected 138 gold pieces.

Inventory:

Hand weapons
 a - a +0 falchion (weapon)
Missiles
 h - 30 arrows
 i - 22 bolts
 j - 6 tomahawks (quivered)
 n - 45 sling bullets
 p - 13 arrows of flame
 r - 10 bolts of flame
 t - 8 needles of sleeping
Armour
 b - a +0 hat (worn)
 e - a +0 buckler (worn)
 f - a +0 cloak (worn)
 l - a +0 robe (worn)
 w - a +0 pair of boots (worn)
Jewellery
 g - an amulet of faith (around neck)
 o - an uncursed amulet of clarity {unknown}
 q - a ring of magical power (left hand)
 v - a +2 ring of evasion {unknown}
Scrolls
 x - a scroll of amnesia
Potions
 m - a potion of curing
 s - a potion of mutation {unknown}
 z - a potion of magic {unknown}
Books
 c - a book of Minor Magic

   Spells                             Type                      Level
   a - Magic Dart                     Conjuration                  1
   b - Blink                          Translocation                2
   c - Call Imp                       Summoning                    2
   d - Repel Missiles                 Charms/Air                   2
   e - Slow                           Hexes                        2
   f - Conjure Flame                  Conjuration/Fire             3
   g - Mephitic Cloud                 Conjuration/Poison/Air       3
Comestibles
 d - a bread ration
 k - a meat ration
 u - a chunk of flesh


   Skills:
 - Level 1.7 Dodging
 - Level 1.7 Stealth
 * Level 2.5 Shields
 + Level 4.2 Spellcasting
 + Level 2.6 Conjurations
 - Level 1.0 Summonings
   Level 0.8 Translocations


You had 7 spell levels left.
You knew the following spells:

 Your Spells              Type           Power        Failure   Level  Hunger
a - Magic Dart            Conj           ##..         6%          1    None
b - Repel Missiles        Chrm/Air       #.....       24%         2    #......
c - Call Imp              Summ           #.......     17%         2    #......


Dungeon Overview and Level Annotations

Branches:
Dungeon (3/15)

Altars:
Fedhas
Gozag
Okawaru
Ru
Yredelemnul

Annotations:
D:3 Chiseanne's ghost, average TrAM


Innate Abilities, Weirdness & Mutations

You have large cloven feet.
You are partially covered in rough black scales (AC +4, Dex -1).


Message History

The worm bites you.
You hit the worm.
The worm is heavily wounded.
The worm bites you but does no damage.
You hit the worm.
The worm is almost dead.
The worm bites you.
You barely miss the worm.
The worm is severely wounded.
The worm barely misses you.
You hit the worm.
The worm is severely wounded.
The worm bites you!
* * * LOW HITPOINT WARNING * * *
You hit the worm.
The worm is almost dead.
You barely miss the worm.
The worm is almost dead.
The worm bites you!
You die...

###################
#.................#####
#.###############......
#.# #..##..
#.############ #......
#.##..@w.....# ##.##..
#######.##.#######.#
#.##.. #.......##.# #.#
#.##.. #.########.#
#.#####.##.. #†# #.#
#.#......... #.# #.#
#.#.###.##.# #.#
#.#######.#.###.....
#.#
#............).....#
#.#
#########..)###..#.#


You could see a worm.

Vanquished Creatures
  Ijyb (D:3)
  An orc wizard (D:3)
  4 adders (D:2)
  An ooze (D:1)
  A worm (D:3)
  9 bats (D:1)
  3 giant cockroaches
  10 goblins
  6 hobgoblins
  6 jackals
  3 giant geckos
  2 giant newts
  6 kobolds
  A quokka (D:3)
  5 rats
59 creatures vanquished.

Vanquished Creatures (collateral kills)
  An adder (D:2)
  3 worms (D:2)
  2 orcs (D:3)
  A giant newt (D:2)
  A kobold (D:2)
8 creatures vanquished.

Grand Total: 67 creatures vanquished

Notes
Turn   | Place    | Note
--------------------------------------------------------------
     0 | D:1      | Chiseanne the Demonspawn Wizard began the quest for the Orb.
     0 | D:1      | Reached XP level 1. HP: 13/13 MP: 4/4
   562 | D:1      | Gained mutation: You have large cloven feet. [demonic ancestry]
   562 | D:1      | Reached XP level 2. HP: 19/19 MP: 0/6
   847 | D:1      | Learned a level 2 spell: Repel Missiles
   850 | D:1      | Learned a level 2 spell: Call Imp
  1806 | D:1      | Reached XP level 3. HP: 24/24 MP: 1/8
  2096 | D:2      | Reached skill level 1 in Shields
  2547 | D:2      | Found a blossoming altar of Fedhas.
  2683 | D:2      | Found an iron altar of Okawaru.
  3144 | D:2      | Found an opulent altar of Gozag.
  3146 | D:2      | Gained mutation: You are partially covered in rough black scales (AC +4, Dex -1). [demonic ancestry]
  3146 | D:2      | Reached XP level 4. HP: 30/30 MP: 6/9
  3413 | D:2      | Found a basalt altar of Yredelemnul.
  3413 | D:2      | Found a sacrificial altar of Ru.
  3483 | D:2      | Reached skill level 4 in Spellcasting
  3620 | D:3      | Noticed Chiseanne's ghost (average TrAM)
  3978 | D:3      | Reached XP level 5. HP: 32/35 MP: 11/11
  4299 | D:3      | Noticed Ijyb
  4314 | D:3      | Killed Ijyb
  4358 | D:3      | Slain by a worm

Vault maps used:
D:1:      minmay_arrival_split_and_join, st_stairs_4, patterned_corridor
D:2:      okawaru_ov_weapons_minmay, fedhas_altar_3,
          gammafunk_temple_overflow_elements, old_standard_altar
D:3:      grunt_ministairs_14, uniq_iyjb

Action                   |  1- 3 |  4- 6 || total
-------------------------+-------+-------++-------
Melee: Unarmed           |    23 |       ||    23
       Club              |    16 |       ||    16
       Falchion          |       |    62 ||    62
 Cast: Magic Dart        |    98 |    56 ||   154
       Repel Missiles    |     1 |       ||     1
       Call Imp          |    11 |     3 ||    14
  Use: Scroll            |     2 |     2 ||     4
 Stab: Sleeping          |       |     1 ||     1
  Eat: Chunk             |     7 |       ||     7
       Bread ration      |       |     1 ||     1
